 Dungeon Crawl Stone Soup version 0.22-a0-855-g415d086bb8 (webtiles) character file.

23463 Htamos the Demolition Dwarf (level 12, -4/112 HPs)
             Began as a Deep Dwarf Fighter on July 27, 2018.
             Was an Elder of Makhleb.
             Slain by a catoblepas (9 damage)
             ... on level 4 of the Lair of Beasts.
             The game lasted 00:37:39 (13332 turns).

Htamos the Demolition Dwarf (Deep Dwarf Fighter)   Turns: 13332, Time: 00:37:39

Health: -4/112     AC: 20    Str: 23    XL:     12   Next: 72%
Magic:  4/4        EV:  2    Int:  9    God:    Makhleb [****..]
Gold:   680        SH:  0    Dex: 16    Spells: 11/11 levels left

rFire    . . .     SeeInvis +   z - +4 long sword
rCold    . . .     Gourm    .   c - +0 shield
rNeg     + + +     Faith    .   C - +1 plate armour
rPois    ∞         Spirit   .   d - +2 helmet
rElec    .         Reflect  .   B - scarf {repulsion}
rCorr    .         Harm     .   (no gloves)
MR       +....                  n - +0 pair of boots
Stlth    ..........             u - amulet of rage
HPRegen  0.00/turn              (no ring)
MPRegen  0.09/turn              (no ring)

@: petrified, non-regenerating, repel missiles
A: damage resistance, heal wounds, talons 1, see invisible, sense surroundings
2, strong 1, subdued magic 1, no regeneration
a: Heal Wounds, Minor Destruction, Lesser Servant of Makhleb, Major Destruction,
Renounce Religion, Evoke Berserk Rage


You were on level 4 of the Lair of Beasts.
You worshipped Makhleb.
Makhleb was greatly pleased with you.
You were not hungry.

You visited 4 branches of the dungeon, and saw 18 of its levels.

You collected 764 gold pieces.
You spent 84 gold pieces at shops.

Inventory:

Hand Weapons
 q - a +3 scimitar
 z - a +4 long sword (weapon)
 A - a cursed +4 long sword
 E - a +0 great sword
 H - a +0 short sword of venom
Armour
 c - a +0 shield (worn)
 d - a +2 helmet (worn)
 l - a +0 cloak
 n - a +0 pair of boots (worn)
 B - a scarf of repulsion (worn)
 C - a +1 plate armour (worn)
Jewellery
 g - a +2 amulet of reflection
 h - an uncursed ring of protection from fire {unknown}
 o - a +3 ring of intelligence {unknown}
 p - an uncursed ring of protection from cold {unknown}
 u - an amulet of rage (around neck)
 y - an uncursed ring of poison resistance {unknown}
Wands
 w - a wand of enslavement (4)
 x - a wand of paralysis (5)
 G - a wand of iceblast (4)
 I - a wand of random effects (27)
Scrolls
 e - a scroll of amnesia {unknown}
 i - a scroll of fear
 m - 4 scrolls of magic mapping
 t - 4 scrolls of noise
 v - 4 scrolls of remove curse
 D - 3 scrolls of identify
 F - a scroll of enchant weapon
 J - a scroll of torment {unknown}
 K - 3 scrolls of teleportation
 L - a scroll of acquirement {unknown}
Potions
 a - a potion of agility
 b - 3 potions of brilliance
 j - 2 potions of flight
 k - a potion of cancellation
 r - a potion of heal wounds
 M - a potion of magic {unknown}
 O - a potion of curing
Comestibles
 f - 32 rations
 N - 12 chunks of flesh


   Skills:
 + Level 8.5 Fighting
 * Level 12.1 Long Blades
 + Level 10.1 Armour
 + Level 10.1 Shields
 * Level 12.4 Invocations


You had 11 spell levels left.
You didn't know any spells.
Your spell library contained the following spells:

 Spells                   Type           Power        Failure   Level  Hunger
 Cause Fear               Hex            #.........   100%        4    #####..
 Magic Dart               Conj           #...         100%        1    ##.....
 Fireball                 Conj/Fire      #.........   100%        5    ######.
 Conjure Flame            Conj/Fire      #.......     100%        3    ####...
 Slow                     Hex            #.......     100%        2    ###....
 Confuse                  Hex            #.......     100%        3    ####...
 Throw Flame              Conj/Fire      #.....       100%        2    ###....
 Iskenderun's Mystic Bla  Conj           #.......     100%        4    #####..
 Sticky Flame             Conj/Fire      #.......     100%        4    #####..
 Tukima's Dance           Hex            #.......     100%        3    ####...
 Flame Tongue             Conj/Fire      #....        100%        1    ##.....
 Ensorcelled Hibernation  Hex/Ice        #.....       100%        2    ###....
 Corona                   Hex            #......      100%        1    ##.....
 Portal Projectile        Hex/Tloc       #.....       100%        3    ####...
 Leda's Liquefaction      Hex/Erth       #.........   100%        4    #####..
 Inner Flame              Hex/Fire       #.......     100%        3    ####...
 Fulminant Prism          Conj/Hex       #.........   100%        4    #####..
 Dazzling Spray           Conj/Hex       #.....       100%        3    ####...
 Force Lance              Conj/Tloc      #.......     100%        4    #####..
 Searing Ray              Conj           #.....       100%        2    ###....


Dungeon Overview and Level Annotations

Branches:
Dungeon (11/15)            Temple (1/1) D:4            Lair (5/6) D:11
 Shoals (0/4) Lair:2       Spider (0/4) Lair:3          Orc (1/2) D:10
  Slime: Lair:5-6

Altars:
Ashenzari
Cheibriados
Dithmenos
Elyvilon
Fedhas
Gozag
Hepliaklqana
Kikubaaqudgha
Makhleb
Nemelex Xobeh
Okawaru
Qazlal
Ru
Sif Muna
Trog
Uskayaw
Vehumet
Wu Jian
Xom
Yredelemnul
Zin
The Shining One

Shops:
D:7 ?

Annotations:
D:5 Menkaure
D:9 exclusion: ice statue
Lair:4 Rupert


Innate Abilities, Weirdness & Mutations

You are resistant to damage.
You can heal yourself by infusing magical energy.
You passively map the area around you.
You do not regenerate.
You have sharp toenails.
You have supernaturally acute eyesight. (SInv)
Your muscles are strong. (Str +2)
Your spells are a little easier to cast, but a little less powerful.


Message History

The catoblepas breathes a plume of calcifying dust at you.
The blast of calcifying dust hits you!
You slash the catoblepas!
The catoblepas is severely wounded.
You are engulfed in calcifying dust.
You are slowing down.
The catoblepas gores you!!
* * * LOW HITPOINT WARNING * * *
The catoblepas breathes a plume of calcifying dust at you.
The blast of calcifying dust hits you!
Your limbs are stiffening.
The catoblepas gores you!!
* * * LOW HITPOINT WARNING * * *
You have turned to stone.
The catoblepas barely misses you. The catoblepas gores you!!
* * * LOW HITPOINT WARNING * * *
The catoblepas gores you!!
* * * LOW HITPOINT WARNING * * *
The catoblepas gores you!!
You die...

#
#...,,.........................
. ...
.......................... ..
#.,..........................
... ,
.......................... ,
P.##.#...................#. ,
.#.####............#..###
,..###*#.##........###.#..
.....####.........##.....
........@................ *
#.§....§Y..............#.
##.P..#>..........##.#### #.##
##..........#### # ##.........#
###########


You could see a catoblepas.

Vanquished Creatures
  2 entropy weavers (Lair:3)
  A two-headed ogre (D:10)
  5 death yaks (D:11)
  4 fire crabs (Lair:3)
  The ghost of Htamos the Skirmisher, a novice TrWz of Sif Muna (D:3)
  A black mamba (Lair:2)
  2 spiny frogs
  A komodo dragon (Lair:2)
  Grinder (D:5)
  A polar bear (Lair:2)
  A troll (D:10)
  A hornet (D:8)
  11 blink frogs
  6 hippogriffs
  A snapping turtle (Lair:2)
  2 wyverns
  8 crocodiles
  17 yaks
  2 basilisks
  2 vampire mosquitoes (D:9)
  A warg (D:10)
  7 water moccasins
  3 porcupines
  The ghost of marsu the Magician, an amateur SpVM (D:4)
  2 orc warriors
  An eye of draining (D:11)
  A black bear (D:8)
  A sky beast (D:9)
  A hornet zombie (D:8)
  An ice beast (D:6)
  3 ogres
  4 centaurs
  11 bullfrogs
  2 wyvern zombies (D:6)
  4 scorpions
  4 killer bees (D:9)
  14 wights
  7 howler monkeys
  An electric eel (Lair:2)
  5 crimson imps
  3 orc priests
  2 hounds
  2 jellies
  A centaur skeleton (D:9)
  8 orc wizards
  4 iguanas
  6 worker ants
  A hound skeleton (D:11)
  A worker ant zombie (D:8)
  4 gnolls (D:3)
  10 adders
  3 shadow imps
  2 oozes
  2 adder skeletons (D:4)
  5 worms
  2 dart slugs
  7 leopard geckos
  31 orcs
  2 giant cockroaches
  12 goblins
  7 hobgoblins
  6 jackals
  5 quokkas
  A ball python (D:1)
  12 bats
  4 frilled lizards
  9 kobolds
  A leopard gecko skeleton (D:7)
  2 quokka skeletons
  8 rats
307 creatures vanquished.

Vanquished Creatures (collateral kills)
  An acid dragon (D:11)
  An orc warrior (D:11)
  A necrophage (D:11)
  3 crocodiles (D:11)
6 creatures vanquished.

Vanquished Creatures (others)
  An ugly thing (D:11)
  A basilisk (D:11)
  A centaur (D:8)
  A plant (Lair:2)
4 creatures vanquished.

Grand Total: 317 creatures vanquished

Notes
Turn   | Place    | Note
-------+----------+-------------------------------------------
     0 | D:1      | Htamos the Deep Dwarf Fighter began the quest for the Orb.
     0 | D:1      | Reached XP level 1. HP: 20/20 MP: 1/1
     9 | D:1      | Found an opulent altar of Gozag.
   200 | D:1      | Reached XP level 2. HP: 27/27 MP: 2/2
   697 | D:2      | Reached XP level 3. HP: 24/33 MP: 3/3
   711 | D:2      | Found a glowing golden altar of the Shining One.
  1334 | D:2      | Reached XP level 4. HP: 39/42 MP: 4/4
  1625 | D:3      | Reached XP level 5. HP: 32/49 MP: 5/5
  1906 | D:3      | Found a runed door.
  1927 | D:3      | Noticed Htamos's ghost (novice TrWz)
  2003 | D:3      | Killed Htamos's ghost
  2003 | D:3      | Reached skill level 5 in Long Blades
  2003 | D:3      | Reached XP level 6. HP: 43/57 MP: 2/2
  2042 | D:3      | Reached XP level 7. HP: 46/64 MP: 3/3
  2146 | D:3      | Found a white marble altar of Elyvilon.
  2325 | D:4      | Reached skill level 5 in Armour
  2331 | D:4      | Reached skill level 5 in Shields
  2406 | D:4      | Found a transporter.
  2415 | D:4      | Noticed marsu's ghost (amateur SpVM)
  2418 | D:4      | Found a transporter.
  2870 | D:4      | Found a staircase to the Ecumenical Temple.
  3021 | Temple   | Entered the Ecumenical Temple
  3512 | D:4      | Killed marsu's ghost
  3574 | D:5      | Entered Level 5 of the Dungeon
  3746 | D:5      | Noticed Grinder
  3759 | D:5      | Paralysed by Grinder for 2 turns
  3777 | D:5      | Killed Grinder
  3777 | D:5      | Reached XP level 8. HP: 73/73 MP: 4/4
  4070 | D:5      | Found an ornate altar of the Wu Jian Council.
  4073 | D:5      | Noticed Menkaure
  4194 | D:6      | Found a hide-covered altar of Uskayaw.
  4241 | D:6      | Found a shadowy altar of Dithmenos.
  4295 | D:6      | Reached skill level 5 in Fighting
  4334 | D:6      | Found a shadowy altar of Dithmenos.
  4442 | D:7      | Found Usuphepn's Magic Scroll Boutique.
  4606 | D:6      | Found a burning altar of Makhleb.
  4606 | D:6      | Found an opulent altar of Gozag.
  4617 | D:6      | Became a worshipper of Makhleb the Destroyer
  4738 | D:6      | Gained mutation: You passively map the area around you. [Deep Dwarf growth]
  4738 | D:6      | Reached XP level 9. HP: 31/81 MP: 4/4
  4897 | D:6      | Reached skill level 1 in Invocations
  5594 | D:7      | Bought 2 scrolls of identify for 56 gold pieces
  5594 | D:7      | Bought a scroll of identify for 28 gold pieces
  5916 | D:8      | Paralysed by a hornet for 3 turns
  5922 | D:8      | Paralysed by a hornet for 3 turns
  6493 | D:9      | Found a hazy altar of Hepliaklqana.
  6500 | D:9      | Reached * piety under Makhleb
  6511 | D:9      | Found a stormy altar of Qazlal.
  6678 | D:9      | Reached skill level 5 in Invocations
  6840 | D:9      | Reached XP level 10. HP: 78/91 MP: 6/6
  6955 | D:9      | Noticed an ice statue
  7440 | D:10     | Entered Level 10 of the Dungeon
  7586 | D:10     | Reached ** piety under Makhleb
  7906 | D:10     | Noticed a two-headed ogre
  8109 | D:10     | Found a staircase to the Orcish Mines.
  8181 | D:10     | Killed a two-headed ogre
  8209 | Orc:1    | Entered Level 1 of the Orcish Mines
  8209 | Orc:1    | Noticed an orc knight
  8348 | D:11     | Found a shattered altar of Ashenzari.
  8443 | D:11     | Noticed a white ugly thing
  8651 | D:11     | Found a staircase to the Lair.
  8956 | D:11     | Reached skill level 10 in Long Blades
  9303 | Lair:1   | Entered Level 1 of the Lair of Beasts
  9303 | Lair:1   | Noticed a death yak
  9303 | Lair:1   | Noticed a death yak
  9303 | Lair:1   | Noticed a death yak
  9304 | Lair:1   | Noticed a death yak
  9306 | Lair:1   | Noticed a death yak
  9348 | D:11     | Gained mutation: Your flesh is heat resistant. (rF+) [potion of mutation]
  9348 | D:11     | Gained mutation: You have supernaturally acute eyesight. (SInv) [potion of mutation]
  9348 | D:11     | Gained mutation: You tend to lose your temper in combat. [potion of mutation]
  9348 | D:11     | Gained mutation: Your mind is acute. (Int +2) [potion of mutation]
  9354 | D:11     | HP: 1/92 [death yak (5)]
  9413 | D:11     | Killed a death yak
  9413 | D:11     | Reached XP level 11. HP: 77/100 MP: 7/7
  9438 | D:11     | Killed a death yak
  9485 | D:11     | Killed a death yak
  9532 | D:11     | Killed a death yak
  9557 | D:11     | Killed a death yak
  9597 | Lair:1   | Reached *** piety under Makhleb
 10519 | Lair:2   | Reached skill level 10 in Invocations
 10640 | Lair:2   | Found a staircase to the Shoals.
 11643 | Lair:3   | Found a hole to the Spider Nest.
 11893 | Lair:3   | Reached **** piety under Makhleb
 11893 | Lair:3   | Reached XP level 12. HP: 90/110 MP: 7/7
 11898 | Lair:3   | Lost mutation: Your mind is acute. (Int +2) [potion of mutation]
 11898 | Lair:3   | Lost mutation: You tend to lose your temper in combat. [potion of mutation]
 11898 | Lair:3   | Lost mutation: Your flesh is heat resistant. (rF+) [potion of mutation]
 11898 | Lair:3   | Gained mutation: Your spells are a little easier to cast, but a little less powerful. [potion of mutation]
 11898 | Lair:3   | Gained mutation: You have sharp toenails. [potion of mutation]
 11898 | Lair:3   | Gained mutation: Your muscles are strong. (Str +2) [potion of mutation]
 12071 | Lair:3   | Found a runed door.
 12271 | Lair:3   | Noticed an entropy weaver
 12292 | Lair:3   | Killed an entropy weaver
 12327 | Lair:3   | Noticed an entropy weaver
 12352 | Lair:3   | Killed an entropy weaver
 12893 | Lair:4   | Reached skill level 10 in Armour
 12920 | Lair:4   | Reached skill level 10 in Shields
 13268 | Lair:4   | Noticed Rupert
 13301 | Lair:5   | Noticed a catoblepas
 13331 | Lair:4   | HP: 5/112 [catoblepas (9)]
 13332 | Lair:4   | Slain by a catoblepas

Vault maps used:
D:1:      dpeg_arrival_lava_altar
D:2:      tso_metal_star, hangedman_abyss_or_decor_lesser_grid
D:3:      elyvilon_altar_3, ebering_ghost_sewer_d, nrook_mini_backslash
D:4:      minmay_temple_entry_enclosed_plants, first_ration,
          gammafunk_ghost_arena, minmay_bent
D:5:      old_standard_altar, uniq_grinder, uniq_menkaure
D:6:      nicolae_overflow_hidden_temple, grunt_dithmenos_smoke_and_mirrors
D:7:      serial_shops, nicolae_shop_waterfront
D:9:      lemuel_ice_statue, nicolae_qazlal_style_of_elements,
          kennysheep_little_box
D:10:     orc_0_dummy
D:11:     erik_lair_dragon, grunt_pizzeria, ashenzari_altar_1
Temple:   nicolae_temple_figure_eight
Lair:1:   infiniplex_staircase_pool_2
Lair:2:   minmay_shoals_entry_hut
Lair:3:   gammafunk_mikee_crab_dinner, spider_nest_entry_web_field,
          fungi_pond_lemuel
Lair:4:   eino_small_chamber_without_monster, lemuel_fruit_tree, uniq_rupert,
          uniq_sonja
Lair:5:   hangedman_what_comes_after_a, minmay_lair_oklob_chamber
Orc:1:    gammafunk_ghost_split, nicolae_volcano_entry_lava_flow,
          nicolae_orc_flooded_monolith

Skill      XL: |  1  2  3  4  5  6  7  8  9 10 11 12 |
---------------+-------------------------------------+-----
Fighting       | 3 4 5 6 7 8 |  8.5
Long Blades    | 3 5 6 7 9 10 11 12 | 12.1
Armour         | 4 5 6 7 8 9 10 | 10.1
Shields        | 4 5 6 7 8 9 10 | 10.1
Invocations    | 5 8 10 12 | 12.4

Action                   |  1- 3 |  4- 6 |  7- 9 | 10-12 || total
-------------------------+-------+-------+-------+-------++-------
Melee: Long sword        |   151 |   186 |   620 |   940 ||  1897
 Abil: Heal Wounds       |     1 |     7 |    14 |    42 ||    64
       Evoke Berserk Rag |       |       |     1 |     1 ||     2
Evoke: Wand              |       |       |       |    23 ||    23
  Use: Scroll            |     2 |       |    18 |    11 ||    31
       Potion            |       |       |     6 |     5 ||    11
 Stab: Paralysed         |       |       |       |    33 ||    33
       Petrified         |       |       |       |     1 ||     1
  Eat: Chunk             |     2 |     3 |    12 |    18 ||    35
       Ration            |       |       |     2 |     1 ||     3
Armor: Scale mail        |    81 |    78 |    11 |       ||   170
       Chain mail        |       |       |   241 |    13 ||   254
       Skin              |       |       |     6 |       ||     6
       Plate armour      |       |       |       |   407 ||   407
Dodge: Dodged            |    39 |    56 |   100 |   152 ||   347
       Deflected         |       |       |     1 |     2 ||     3
Block: Shield            |    73 |   112 |   397 |   471 ||  1053
       Reflection        |       |       |     5 |       ||     5
       Rpst.: Long sword |    10 |    12 |    35 |    36 ||    93

Table legend:
 A = Spawn XP
 B = Non-spawn XP
 C = Spawn XP percentage of total XP
 D = Spawn monster count
 E = Non-spawn monster count
 F = Spawn count percentage of total count
 G = Total turns spent on level
                    A         B        C        D         E        F      G
               +---------+---------+-------+---------+---------+-------+---------
         Total |       0 |   33519 |   0.0 |       0 |     315 |   0.0 | 13332
               +---------+---------+-------+---------+---------+-------+---------
           D:1 |       0 |      32 |   0.0 |       0 |      21 |   0.0 |   648
           D:2 |       0 |      74 |   0.0 |       0 |      26 |   0.0 |   808
           D:3 |       0 |     646 |   0.0 |       0 |      33 |   0.0 |   853
           D:4 |       0 |     580 |   0.0 |       0 |      21 |   0.0 |  1065
           D:5 |       0 |     488 |   0.0 |       0 |      13 |   0.0 |   541
           D:6 |       0 |     756 |   0.0 |       0 |      18 |   0.0 |   879
           D:7 |       0 |     688 |   0.0 |       0 |      16 |   0.0 |   735
           D:8 |       0 |    1008 |   0.0 |       0 |      16 |   0.0 |   712
           D:9 |       0 |    1637 |   0.0 |       0 |      32 |   0.0 |  1058
          D:10 |       0 |    2757 |   0.0 |       0 |      23 |   0.0 |   735
          D:11 |       0 |    6004 |   0.0 |       0 |      25 |   0.0 |  1301
        Lair:1 |       0 |    1480 |   0.0 |       0 |      11 |   0.0 |   835
        Lair:2 |       0 |    3228 |   0.0 |       0 |      15 |   0.0 |   926
        Lair:3 |       0 |    8590 |   0.0 |       0 |      20 |   0.0 |  1371
        Lair:4 |       0 |    5304 |   0.0 |       0 |      24 |   0.0 |   638
        Lair:5 |       0 |     247 |   0.0 |       0 |       1 |   0.0 |    24
               +---------+---------+-------+---------+---------+-------+---------
